AoeStats
← [KMNB] Bandeira

African Clearing

506849899Analyzed
2v2 RM · 18d ago on Sep 15, 2026· 30m 35s· 4 players
Game mode
Random Map
Map size
Medium (4 player)
Population
200
Speed
Normal
Resources
Standard
Victory
Conquest
Starting age
Dark Age
Ending age
Imperial Age
RankedLock teamsTeams togetherTeam positionsShared explorationLock speedFull tech treeHidden civsTurbo modeCheats
Victory
Defeat
🇨🇳 Dravidians · China
1568
+15
🇨🇳 Maya · China
1568
+15
🇧🇷 Italians · Brazil
1571
-16
🇧🇷 Magyars · Brazil
1529
-14
[KMNB] Dedão
5:01 Loom
13:06 Feudal Age
16:56 Wheelbarrow
17:20 Fletching
17:19 Double-Bit Axe
20:44 Castle Age
19:14 Gold Mining
20:09 Horse Collar
21:34 Bodkin Arrow
30:21 Town Watch
[KMNB] Bandeira
6:04 Loom
11:51 Feudal Age
12:42 Double-Bit Axe
17:31 Scale Barding Armor
26:34 Castle Age
24:37 Gold Mining
27:12 Bloodlines
29:47 Light Cavalry
mongo
10:56 Loom
14:25 Feudal Age
18:04 Castle Age
18:27 Double-Bit Axe
19:15 Fletching
20:37 Crossbowman
25:31 Bodkin Arrow
Player86688262
3:33 Loom
12:49 Feudal Age
13:51 Double-Bit Axe
18:56 Castle Age
17:44 Fletching
19:38 Bodkin Arrow
28:46 Ballistics
Connection lost

Rejoining the realm…

Still unreachable

The connection could not be restored.

Session expired

The server has moved on; the page needs a fresh start.